 Dungeon Crawl Stone Soup version 0.29.1-12-g30fa7ad0bf (webtiles) character file.

Game seed: 16717049765382448567

170 FexLirch the Grave Robber (level 5, -5/35 HPs)
             Began as a Mummy Necromancer on Jan 5, 2023.
             Killed from afar by an orc wizard (15 damage)
             ... with a puff of flame
             ... on level 5 of the Dungeon.
             The game lasted 00:05:10 (2526 turns).

FexLirch the Grave Robber (Mummy Necromancer)       Turns: 2526, Time: 00:05:10

Health: -5/35      AC:  2    Str: 11    XL:     5   Next: 26%
Magic:  7/12       EV: 12    Int: 17    God:
Gold:   144        SH:  0    Dex: 12    Spells: 6/13 levels left

rFire   x . .      SeeInvis .   d - +0 dagger
rCold   + . .      Faith    .   (no shield)
rNeg    + + +      Spirit   .   a - +0 robe
rPois   ∞          Reflect  .   (no helmet)
rElec   .          Harm     .   (no cloak)
rCorr   .          Rampage  .   (no gloves)
Will    .....                   (no boots)
Stlth   ++........              (no amulet)
HPRegen 0.11/turn               (no ring)
MPRegen 0.13/turn               (no ring)

@: no status effects
A: cold resistance 1, negative energy resistance 3, torment resistance 2, heat
vulnerability 1, in touch with death 1, no potions
a: no special abilities


You were on level 5 of the Dungeon.
You visited 1 branch of the dungeon, and saw 5 of its levels.

You collected 144 gold pieces.

Inventory:

Hand Weapons
 d - a +0 dagger (weapon)
Missiles
 c - 5 curare-tipped darts
 j - 2 poisoned darts
Armour
 a - a +0 robe (worn)
Jewellery
 k - a ring of willpower
 l - a ring of resist corrosion
Wands
 i - a wand of roots (7)
Scrolls
 b - 2 scrolls of fear {unknown}
 e - a scroll of amnesia {unknown}
 f - 4 scrolls of identify {unknown}
 g - a scroll of teleportation {unknown}
 h - a scroll of blinking {unknown}


   Skills:
 - Level 1.5 Dodging
 - Level 1.5 Stealth
 + Level 4.7 Spellcasting
 + Level 5.1 Necromancy
 + Level 1.7 Ice Magic


You had 6 spell levels left.
You knew the following spells:

 Your Spells              Type           Power      Damage    Failure   Level
a - Necrotise             Necr           100%       1d9       1%          1
b - Vampiric Draining     Necr           32%        2d8       5%          3
c - Ozocubu's Armour      Ice            9%         N/A       22%         3

Your spell library contained the following spells:

 Spells                   Type           Power      Damage    Failure   Level
 Animate Dead             Necr           32%        N/A       17%         4
 Agony                    Necr           32%        N/A       43%         5
 Metabolic Englaciation   Hex/Ice        3%         N/A       96%         5
 Simulacrum               Ice/Necr       11%        N/A       99%         6


Dungeon Overview and Level Annotations

Branches:
Dungeon (5/15)
 Temple: D:4-7

Altars:
Fedhas
Qazlal


Innate Abilities, Weirdness & Mutations

You are immune to poison.
Your flesh is cold resistant. (rC+)
You are immune to negative energy. (rN+++)
You are immune to unholy pain and torment.
You are vulnerable to heat. (rF-)
You are in touch with the powers of death.
You do not drink.


Message History

Aim: an orc, wielding a +0 hand axe and wearing a +0 leather armour (chance to affect: 93%)
You feel a surge of power!
The orc writhes in agony.
Casting: Necrotise (safe; 1% risk of failure)
Confirm with . or Enter, or press ? or * to list all spells.
Aiming: Necrotise (safe; 1% risk of failure)
Press: ? - help, Shift-Dir - straight line, f/p - orc
Aim: an orc, wielding a +0 hand axe and wearing a +0 leather armour (heavily wounded, chance to affect: 93%)
You feel a surge of power!
The orc writhes in agony.
Casting: Necrotise (safe; 1% risk of failure)
Confirm with . or Enter, or press ? or * to list all spells.
Aiming: Necrotise (safe; 1% risk of failure)
Press: ? - help, Shift-Dir - straight line, f/p - orc
Aim: an orc, wielding a +0 hand axe and wearing a +0 leather armour (severely wounded, chance to affect: 93%)
You feel a surge of power!
The orc writhes in agony.
You kill the orc!
The dead are walking!
Casting: Necrotise (safe; 1% risk of failure)
Confirm with . or Enter, or press ? or * to list all spells.
Aiming: Necrotise (safe; 1% risk of failure)
Press: ? - help, Shift-Dir - straight line You feel a surge of power!
Something writhes in agony.
The orc priest mumbles some strange prayers to Beogh against you.
Beogh smites you!
Unknown command.
Unknown command.
Casting: Necrotise (safe; 1% risk of failure)
Confirm with . or Enter, or press ? or * to list all spells.
Aiming: Necrotise (safe; 1% risk of failure)
Press: ? - help, Shift-Dir - straight line You feel a surge of power!
Something writhes in agony!
You hear some strange, mumbled words.
A puff of flame appears from out of thin air!
The puff of flame misses you.
The orc priest calls down the wrath of Beogh upon you.
Beogh smites you!
* * * LOW HITPOINT WARNING * * *
You hear some strange, mumbled words.
A puff of flame appears from out of thin air!
The puff of flame hits you! The fire burns you terribly!
You die...

.............##
..S...........##
..........o....##
................#
...............###
.............Z...#
..............{..# ##
................##..#
.......#..###..@...#
.....###.# ####..##
##.. ... ..# #. ...
..# J#. [## .. .. .#


You could see an orc priest (ally target) and a friendly orc skeleton.

Vanquished Creatures
  An orc wizard (D:3)
  3 gnolls (D:3)
  4 adders
  2 worms
  2 dart slugs
  9 orcs
  8 bats
  5 endoplasms
  A giant cockroach (D:3)
  4 goblins
  4 hobgoblins
  10 kobolds
  2 quokkas
  A ball python (D:1)
  3 frilled lizards
  6 rats
65 creatures vanquished.

Vanquished Creatures (collateral kills)
  A kobold (D:3)
  A ball python (D:1)
2 creatures vanquished.

Vanquished Creatures (others)
  3 fungi (D:3)
  2 plants (D:3)
5 creatures vanquished.

Grand Total: 72 creatures vanquished

Notes
Turn   | Place    | Note
-------+----------+-------------------------------------------
     0 | D:1      | FexLirch the Mummy Necromancer began the quest for the Orb.
     0 | D:1      | Reached XP level 1. HP: 13/13 MP: 4/4
   171 | D:1      | Reached XP level 2. HP: 19/19 MP: 0/6
   993 | D:2      | Gained mutation: You are in touch with the powers of death.
                  | [Mummy growth]
   993 | D:2      | Reached XP level 3. HP: 24/24 MP: 5/8
   997 | D:2      | Learned a level 3 spell: Vampiric Draining
  1001 | D:2      | Learned a level 3 spell: Ozocubu's Armour
  1685 | D:3      | Found a blossoming altar of Fedhas.
  1688 | D:3      | Reached XP level 4. HP: 30/30 MP: 7/10
  1695 | D:3      | Reached skill level 1 in Ice Magic
  1729 | D:3      | Found a stormy altar of Qazlal.
  2052 | D:3      | Reached skill level 5 in Necromancy
  2160 | D:3      | Reached XP level 5. HP: 35/35 MP: 8/11
  2176 | D:3      | Found a faded altar of an unknown god.
  2499 | D:5      | Entered Level 5 of the Dungeon
  2526 | D:5      | Killed from afar by an orc wizard

Illustrated notes

Levels and vault maps discovered:
D:1:      roderic_chinese_lattice_arrival, layout_loops_ring, serial_glass,
          glass_columns_a, glass_columns_c, glass_columns_a, glass_columns_a,
          glass_columns_b, glass_columns_b, glass_columns_a, glass_columns_b,
          glass_columns_b, glass_columns_c, glass_columns_a, glass_columns_a,
          glass_columns_b, glass_columns_b, due_unseen_surprise,
          nrook_mini_backslash
D:2:      layout_basic
D:3:      layout_loops_ring, grunt_temple_overflow_forces_of_nature,
          chequers_ecumenical_altar_simple
D:4:      layout_basic, kennysheep_mini, minmay_temple_entry_large_hall,
          nicolae_elevator_lobby_plus, uniq_grinder
D:5:      layout_cave_pools, nicolae_ru_awakened_eye, lightli_sewer_entry_pipes

Skill      XL: |  1  2  3  4 |
---------------+-------------+-----
Spellcasting   | 3 4 |  4.7
Ice Magic      | 1 |  1.7
Necromancy     | 5 |  5.1
Dodging        | |  1.5
Stealth        | |  1.5

Action                   |  1- 3 |  4- 6 || total
-------------------------+-------+-------++-------
Melee: Dagger            |     7 |     6 ||    13
 Cast: Necrotise         |    61 |    50 ||   111
       Vampiric Draining |     1 |       ||     1
Armor: Robe              |     3 |       ||     3
Dodge: Dodged            |    15 |     7 ||    22
